[Event "Titled Tuesday Blitz May 23 Late 2023"]
[White "Kev4444444444"]
[Black "Lacasa Diaz, Jose Antonio"]
[BlackFideId "2203375"]
[WhiteElo "2166"]
[BlackElo "2338"]
[Result "0-1"]
[Round "05"]
[TimeControl "180+2"]
[Date "2023.05.23"]
[WhiteClock "0:00:00"]
[BlackClock "0:00:09"]

1. c4 c5 2. Nc3 Nc6 3. g3 g6 4. Bg2 Bg7 5. a3 d6 6. Rb1 Bxc3 7. bxc3 Qd7 8. d4 b6 9. dxc5 dxc5 10. Qa4 Bb7 11. Bf4 Na5 12. Qxd7+ Kxd7 13. Rd1+ Kc8 14. Bh3+ e6 15. Be5 Bxh1 16. Bxh8 Bc6 17. Nf3 Bxf3 18. exf3 Ne7 19. f4 Nec6 20. Bg2 Rb8 21. Bf6 Rb7 22. Rd6 Kc7 23. Rd1 Rb8 24. Bf1 Rb7 25. h4 Kc8 26. h5 Rd7 27. hxg6 Rxd1+ 28. Kxd1 hxg6 29. Kc2 Kd7 30. Kd3 Ne7 31. Bg2 Nf5 32. g4 Nd6 33. Be5 Ndxc4 34. Bf6 Nd6 35. Be5 Nac4 36. Bxd6 Nxd6 37. a4 f6 38. Ba8 g5 39. fxg5 fxg5 40. Bg2 e5 41. Bf1 Kc7 42. Bg2 Kb8 43. Bd5 a6 44. Bc6 Ka7 45. Bd5 b5 46. axb5 axb5 47. Kc2 Kb6 48. Kb3 Ka5 49. Ka3 Ne8 50. Kb3 Nf6 51. Bf3 Kb6 52. Kc2 c4 53. Kd2 Kc5 54. Kc2 e4 55. Be2 Kd5 56. Kd2 Ke5 57. f3 Kf4 58. fxe4 Nxe4+ 59. Kc2 Nf6 60. Bf1 Nxg4 61. Kb2 Nf6 62. Bg2 Ne4 63. Ka3 Nxc3 64. Kb4 Ne2 65. Bf1 Nd4 66. Kc5 Ke3 0-1


[Site "https://www.chess.com"]

[Event "Titled Tuesday Blitz May 23 Late 2023"]
[White "Lonoff, Marc"]
[Black "Prieto Aranguren, Alain"]
[WhiteFideId "2001349"]
[BlackFideId "2268906"]
[WhiteElo "2121"]
[BlackElo "2209"]
[Result "0-1"]
[Round "05"]
[TimeControl "180+2"]
[Date "2023.05.23"]
[WhiteClock "0:00:00"]
[BlackClock "0:00:03"]

1. c4 Nf6 2. Nc3 g6 3. g3 Bg7 4. Bg2 O-O 5. e4 d6 6. Nge2 Nc6 7. O-O Na5 8. d3 c6 9. b4 Nxe4 10. Bxe4 d5 11. Bg2 dxc4 12. bxa5 cxd3 13. Bb2 dxe2 14. Qxe2 Qxa5 15. Rac1 Be6 16. a3 Rad8 17. Rfd1 Rxd1+ 18. Qxd1 Rd8 19. Qe2 Bd4 20. h4 Qe5 21. Qxe5 Bxe5 22. Rd1 Rb8 23. Bf3 Kf8 24. h5 Ke8 25. hxg6 hxg6 26. Kg2 a5 27. Rd2 Bd7 28. Na4 Bxb2 29. Rxb2 b5 30. Nc5 b4 31. axb4 axb4 32. Rd2 b3 33. Nxd7 b2 34. Bxc6 b1=Q 35. Nxb8+ Kf8 36. Nd7+ Kg7 37. Bf3 Qb4 38. Re2 f6 39. Re3 Qd6 40. Bg4 f5 41. Ne5 fxg4 42. Nxg4 Qc6+ 43. Kg1 Qc5 44. Nh2 Kf7 45. Nf1 Qc1 46. Rf3+ Kg7 47. Re3 Kf8 48. Kg2 Kf7 49. Rf3+ Ke8 50. Re3 Kd7 51. g4 e6 52. Ng3 Ke7 53. Nf1 Kf6 54. Ng3 e5 0-1


[Site "https://www.chess.com"]

[Event "Titled Tuesday Blitz May 23 Late 2023"]
[White "Shapiro, Daniel"]
[Black "Levitan, Ronit"]
[WhiteFideId "2001780"]
[BlackFideId "2815109"]
[WhiteElo "2338"]
[BlackElo "1930"]
[Result "1-0"]
[Round "05"]
[TimeControl "180+2"]
[Date "2023.05.23"]
[WhiteClock "0:01:07"]
[BlackClock "0:00:00"]

1. d4 d5 2. c4 e6 3. Nf3 Nf6 4. g3 dxc4 5. Bg2 a6 6. O-O Nc6 7. e3 Rb8 8. Qc2 b5 9. a3 Bb7 10. Rd1 Be7 11. e4 O-O 12. Nc3 Na5 13. Bf4 Nb3 14. Rab1 Qc8 15. Ne5 c5 16. d5 exd5 17. exd5 Nd4 18. Qd2 Qf5 19. Nc6 Bxc6 20. Bxb8 Nxd5 21. Nxd5 Bxd5 22. Qf4 Qxf4 23. Bxf4 Ne2+ 24. Kf1 1-0


[Site "https://www.chess.com"]

[Event "Titled Tuesday Blitz May 23 Late 2023"]
[White "Bashkansky, Ethan"]
[Black "Stead, Kerry"]
[WhiteFideId "2071533"]
[BlackFideId "3202577"]
[WhiteElo "2338"]
[BlackElo "1997"]
[Result "1-0"]
[Round "05"]
[TimeControl "180+2"]
[Date "2023.05.23"]
[WhiteClock "0:01:02"]
[BlackClock "0:00:04"]

1. d4 Nf6 2. c4 c5 3. d5 b5 4. cxb5 a6 5. bxa6 g6 6. g3 Nxa6 7. Bg2 d6 8. Nf3 Bg7 9. O-O O-O 10. Re1 Qb6 11. Nc3 Bg4 12. Rb1 Rfb8 13. Bg5 Kf8 14. Qd2 Nd7 15. Qe3 Ne5 16. Nxe5 dxe5 17. Bh6 f6 18. Bxg7+ Kxg7 19. f4 Rd8 20. fxe5 Nb4 21. exf6+ exf6 22. Qe7+ Kg8 23. d6 Qxd6 24. Qxd6 Rxd6 25. Bxa8 Nc2 26. Red1 Re6 27. Bd5 1-0


[Site "https://www.chess.com"]

[Event "Titled Tuesday Blitz May 23 Late 2023"]
[White "Osiecki, Stanislaw"]
[Black "Rodriguez Santiago, Jaime"]
[WhiteFideId "1102990"]
[BlackFideId "3100898"]
[WhiteElo "2088"]
[BlackElo "2025"]
[Result "1-0"]
[Round "05"]
[TimeControl "180+2"]
[Date "2023.05.23"]
[WhiteClock "0:01:21"]
[BlackClock "0:01:26"]

1. e4 c6 2. d4 d5 3. e5 Bf5 4. Bd3 Bxd3 5. Qxd3 e6 6. Ne2 c5 7. c3 Nc6 8. O-O Qb6 9. Rd1 Nge7 10. a3 Nf5 11. Kh1 cxd4 12. cxd4 Rc8 13. Nbc3 h5 14. Nxd5 exd5 15. Qxf5 Ne7 16. Qd3 g6 17. Bg5 Nf5 18. Bf6 Rg8 19. Nf4 Rc4 20. Nxd5 Qxd4 21. Qe2 1-0


[Site "https://www.chess.com"]

[Event "Titled Tuesday Blitz May 23 Late 2023"]
[White "Einarsson, Halldor Gretar"]
[Black "Vargas, Mauricio"]
[WhiteFideId "2300150"]
[BlackFideId "4404572"]
[WhiteElo "2110"]
[BlackElo "1986"]
[Result "1-0"]
[Round "05"]
[TimeControl "180+2"]
[Date "2023.05.23"]
[WhiteClock "0:00:50"]
[BlackClock "0:00:00"]

1. d4 d5 2. Nf3 c6 3. c4 e6 4. g3 Bd6 5. Bg2 f5 6. O-O Nf6 7. Nc3 O-O 8. Qc2 Ne4 9. Rb1 Bd7 10. c5 Bc7 11. b4 a6 12. Bf4 Bxf4 13. gxf4 Rf6 14. e3 Rg6 15. Kh1 Qe8 16. Ne2 Rh6 17. Ng3 Nxg3+ 18. fxg3 Qg6 19. Kg1 Be8 20. Ne5 Qh5 21. h4 Nd7 22. Bf3 Nxe5 23. Bxh5 Nc4 24. Bxe8 Rxe8 25. Qd3 Rf8 26. a4 Rff6 27. b5 1-0


[Site "https://www.chess.com"]

[Event "Titled Tuesday Blitz May 23 Late 2023"]
[White "Slavin, Alexey"]
[Black "Prado, Alexandra"]
[WhiteFideId "24104388"]
[BlackFideId "3301346"]
[WhiteElo "2264"]
[BlackElo "1759"]
[Result "1-0"]
[Round "05"]
[TimeControl "180+2"]
[Date "2023.05.23"]
[WhiteClock "0:01:03"]
[BlackClock "0:00:00"]

1. e4 c5 2. g3 g6 3. Bg2 Bg7 4. Ne2 d6 5. O-O Nc6 6. Nbc3 Nf6 7. a3 O-O 8. Rb1 a6 9. b4 cxb4 10. axb4 Rb8 11. b5 axb5 12. Nxb5 Bd7 13. h3 Qa5 14. d4 Na7 15. Bd2 Qb6 16. Nbc3 Qc7 17. f4 Rfc8 18. e5 Ne8 19. Nd5 Qd8 20. Nb6 Rc7 21. c4 dxe5 22. fxe5 Bf5 23. Rb3 Nc6 24. Nd5 e6 25. Nxc7 Qxc7 26. Be3 Qd7 27. Kh2 Nc7 28. g4 Bxg4 29. hxg4 1-0


[Site "https://www.chess.com"]

[Event "Titled Tuesday Blitz May 23 Late 2023"]
[White "Ottosen, David"]
[Black "Santos Flores, Alberto"]
[WhiteFideId "2603080"]
[BlackFideId "3601234"]
[WhiteElo "2029"]
[BlackElo "2235"]
[Result "1-0"]
[Round "05"]
[TimeControl "180+2"]
[Date "2023.05.23"]
[WhiteClock "0:01:36"]
[BlackClock "0:02:35"]

1. e4 c5 2. Nf3 Nc6 3. d4 cxd4 4. Nxd4 g6 5. Nc3 Bg7 6. Be3 Nf6 7. Bc4 O-O 8. Bb3 d6 9. f3 Bd7 10. Qd2 Rc8 11. O-O-O Ne5 12. h4 h5 13. Bg5 Rc5 14. g4 hxg4 15. f4 Nc4 16. Qe2 b5 17. f5 Qa5 18. h5 Nxb2 19. hxg6 Qxc3 20. Bxf6 exf6 21. Qh2 Rfc8 22. gxf7+ Kf8 23. Qxd6# 1-0


[Site "https://www.chess.com"]

[Event "Titled Tuesday Blitz May 23 Late 2023"]
[White "Ward, Ieuan C"]
[Black "Hajiyev, Kanan"]
[WhiteFideId "406627"]
[BlackFideId "13404148"]
[WhiteElo "2210"]
[BlackElo "2103"]
[Result "1-0"]
[Round "05"]
[TimeControl "180+2"]
[Date "2023.05.23"]
[WhiteClock "0:00:06"]
[BlackClock "0:01:08"]

1. d4 d5 2. c4 c6 3. Nf3 Nf6 4. Nc3 g6 5. e3 Bg7 6. Bd3 O-O 7. O-O Bf5 8. Bxf5 gxf5 9. cxd5 cxd5 10. Ne5 Nbd7 11. f4 e6 12. Bd2 Nxe5 13. fxe5 Ne4 14. Nxe4 dxe4 15. Bb4 Re8 16. Rc1 Qb6 17. Qb3 a5 18. Bd2 Qxb3 19. axb3 b6 20. Rc6 Rab8 21. Rfc1 Rb7 22. Rc7 Reb8 23. b4 Rxc7 24. Rxc7 a4 25. b5 Bf8 26. Ra7 Rc8 27. Rxa4 Rc2 28. Be1 Rxb2 29. Ra8 Kg7 30. Bh4 Bb4 31. Bf6+ Kg6 32. Rg8+ Kh6 33. h3 Bd2 34. Bg5+ Kh5 35. Bf4 Rb3 36. Rg5+ Kh4 37. Kh2 Be1 38. g3+ Bxg3+ 39. Rxg3 Rb2+ 40. Rg2 Rxb5 41. Bg5+ Kh5 42. Be7 Rb3 43. Rg5+ Kh6 44. Rg3 b5 45. h4 Rb2+ 46. Kh3 b4 47. Bf8+ Kh5 48. Rg5# 1-0


[Site "https://www.chess.com"]

[Event "Titled Tuesday Blitz May 23 Late 2023"]
[White "Parizek, Vojtech"]
[Black "Stork, Oliver"]
[WhiteFideId "360996"]
[BlackFideId "12955728"]
[WhiteElo "2115"]
[BlackElo "2239"]
[Result "1-0"]
[Round "05"]
[TimeControl "180+2"]
[Date "2023.05.23"]
[WhiteClock "0:00:06"]
[BlackClock "0:00:23"]

1. e4 c6 2. d4 d5 3. exd5 cxd5 4. c4 Nf6 5. Nc3 Nc6 6. Nf3 a6 7. Bd3 Bg4 8. cxd5 Nxd5 9. Qb3 Be6 10. Qd1 g6 11. O-O Bg7 12. Be3 O-O 13. Re1 Na5 14. Ng5 Nxc3 15. bxc3 Bc4 16. h3 Rc8 17. Ne4 Qd5 18. Nc5 Rxc5 19. dxc5 Bxd3 20. Qa4 Bxc3 21. Red1 Bxa1 22. Qxa5 Be5 23. Qa3 Rd8 24. c6 bxc6 25. Qxe7 Bg7 26. Bg5 Rd7 27. Qe8+ Bf8 28. Qe3 Qb5 29. Qe8 Qd5 30. Re1 Rd8 31. Bxd8 c5 32. Be7 1-0


[Site "https://www.chess.com"]

[Event "Titled Tuesday Blitz May 23 Late 2023"]
[White "Hartikainen, Jarmo"]
[Black "Harish, Neeraj"]
[WhiteFideId "503134"]
[BlackFideId "30958130"]
[WhiteElo "2074"]
[BlackElo "1879"]
[Result "1-0"]
[Round "05"]
[TimeControl "180+2"]
[Date "2023.05.23"]
[WhiteClock "0:01:22"]
[BlackClock "0:00:00"]

1. e4 c5 2. c3 Nf6 3. e5 Nd5 4. d4 cxd4 5. Nf3 Nc6 6. cxd4 d6 7. Nc3 Nxc3 8. bxc3 dxe5 9. d5 e4 10. dxc6 Qxd1+ 11. Kxd1 exf3 12. Bb5 Kd8 13. Bf4 e5 14. Bxe5 a6 15. c7+ Ke7 16. Bf1 f6 17. Bg3 Bg4 18. Kd2 g6 19. h3 Bh6+ 20. Kc2 Bf5+ 21. Kb2 Rac8 22. gxf3 Kf7 23. Bc4+ Kg7 24. Rae1 Rhe8 25. h4 1-0


[Site "https://www.chess.com"]

[Event "Titled Tuesday Blitz May 23 Late 2023"]
[White "Guz, Ari"]
[Black "Quirke, Jeffrey"]
[WhiteFideId "2825759"]
[BlackFideId "2013029"]
[WhiteElo "2205"]
[BlackElo "2208"]
[Result "1-0"]
[Round "05"]
[TimeControl "180+2"]
[Date "2023.05.23"]
[WhiteClock "0:00:19"]
[BlackClock "0:00:00"]

1. a4 d5 2. Ra3 e5 3. Ra1 c5 4. e4 d4 5. Bc4 Nf6 6. d3 Be7 7. h3 O-O 8. Ne2 Nc6 9. O-O Be6 10. Bxe6 fxe6 11. Na3 Qe8 12. Nc4 Nh5 13. f4 exf4 14. Nxf4 Nxf4 15. Bxf4 Rd8 16. Qg4 Qg6 17. Qxg6 hxg6 18. Ne5 Nxe5 19. Bxe5 b6 20. b3 Bg5 21. a5 Be3+ 22. Kh1 b5 23. Rxf8+ Rxf8 24. Bd6 Rc8 25. a6 c4 26. bxc4 bxc4 27. dxc4 Rxc4 28. Bb8 d3 29. cxd3 Rc8 30. Be5 Rc6 31. g4 g5 32. Kg2 Bb6 33. Ra2 g6 34. Kf3 Kf7 35. Ke2 Ke7 36. d4 Rc3 37. Rb2 Ra3 38. d5 Rxa6 39. d6+ Kd7 40. Rc2 Ra3 41. Kd1 Rxh3 42. Re2 Rh1+ 43. Kc2 Rg1 44. Bh2 Rxg4 45. e5 Rc4+ 46. Kd3 Rd4+ 47. Kc3 Rh4 48. Rg2 g4 49. Bf4 Rh3+ 50. Kc4 g3 51. Bxg3 Rh1 52. Bf4 Rc1+ 53. Bxc1 1-0


[Site "https://www.chess.com"]

[Event "Titled Tuesday Blitz May 23 Late 2023"]
[White "Powell, Paul"]
[Black "Ziatdinov, Raset"]
[WhiteFideId "2005840"]
[BlackFideId "2015323"]
[WhiteElo "2083"]
[BlackElo "2220"]
[Result "0-1"]
[Round "05"]
[TimeControl "180+2"]
[Date "2023.05.23"]
[WhiteClock "0:00:04"]
[BlackClock "0:00:54"]

1. d4 Nf6 2. Nf3 g6 3. Bf4 Bg7 4. e3 d6 5. Be2 O-O 6. O-O Nh5 7. Bg5 h6 8. Bh4 g5 9. Nfd2 Nf6 10. Bg3 Nc6 11. c4 e5 12. d5 Ne7 13. h3 Ne8 14. Nc3 f5 15. Rc1 f4 16. Bh2 Ng6 17. Bd3 Nh4 18. Nf3 Nxf3+ 19. gxf3 Nf6 20. Ne4 Bxh3 21. Nxf6+ Qxf6 22. Be4 fxe3 23. fxe3 Bxf1 24. Qxf1 g4 25. fxg4 Qg5 26. Qe2 h5 27. Kh1 Bh6 28. Rg1 h4 29. Bb1 Qxe3 30. Qc2 Qf3+ 31. Rg2 e4 32. Qxe4 Qxe4 33. Bxe4 Rf1+ 34. Bg1 Re8 35. Bf5 Ree1 36. g5 Bg7 37. Be6+ Kf8 38. Kh2 Be5+ 39. Kh3 Rxg1 40. Rf2+ Ke8 41. g6 Rg3+ 42. Kxh4 Rh1+ 0-1


[Site "https://www.chess.com"]

[Event "Titled Tuesday Blitz May 23 Late 2023"]
[White "dorpato"]
[Black "Liu, Kelsey"]
[BlackFideId "30944481"]
[WhiteElo "2038"]
[BlackElo "2207"]
[Result "1-0"]
[Round "05"]
[TimeControl "180+2"]
[Date "2023.05.23"]
[WhiteClock "0:00:10"]
[BlackClock "0:00:00"]

1. e4 c5 2. Nc3 e6 3. g3 Nc6 4. Bg2 Nf6 5. d3 g6 6. Be3 d6 7. h3 Bg7 8. Qd2 O-O 9. Bh6 d5 10. Bxg7 Kxg7 11. O-O-O d4 12. Nce2 b5 13. f4 a5 14. g4 b4 15. g5 Nh5 16. f5 a4 17. Bf3 b3 18. cxb3 axb3 19. a3 Nb4 20. Bxh5 gxh5 21. f6+ Kh8 22. Nf4 Nc2 23. Qe2 Qa5 24. Qxh5 Nxa3 25. Qh6 Rg8 26. g6 fxg6 27. f7 Bd7 28. Nxg6+ Rxg6 29. f8=Q+ Rxf8 30. Qxf8+ Rg8 31. Qf6+ Rg7 32. Qf8+ Rg8 33. Qf6+ Rg7 34. Ne2 Nc2 35. Rdg1 Qa1+ 36. Kd2 Qa5+ 37. Nc3 dxc3+ 38. bxc3 1-0


[Site "https://www.chess.com"]

[Event "Titled Tuesday Blitz May 23 Late 2023"]
[White "Antonova, Nadezhda"]
[Black "Dmitriev, Sergey"]
[WhiteFideId "14700182"]
[BlackFideId "14101785"]
[WhiteElo "1799"]
[BlackElo "2132"]
[Result "1-0"]
[Round "05"]
[TimeControl "180+2"]
[Date "2023.05.23"]
[WhiteClock "0:01:57"]
[BlackClock "0:01:03"]

1. d4 d6 2. Nf3 g6 3. b3 Bg7 4. Bb2 Nf6 5. g3 O-O 6. Bg2 Nc6 7. O-O Re8 8. c4 Bf5 9. d5 Nb8 10. Nbd2 e5 11. dxe6 Bxe6 12. Re1 Nc6 13. Qc1 Qd7 14. Nd4 Nxd4 15. Bxd4 c6 16. e4 Bh3 17. Bh1 Nh5 18. Qc3 c5 19. Bxg7 Nxg7 20. Rad1 f5 21. exf5 Nxf5 22. Ne4 Rxe4 23. Bxe4 Nd4 24. Bd5+ Kg7 25. Rxd4 cxd4 26. Qxd4+ Kh6 27. Qe3+ Kg7 28. Qe7+ Kh6 29. Qh4+ Kg7 30. Re7+ Qxe7 31. Qxe7+ 1-0


[Site "https://www.chess.com"]

[Event "Titled Tuesday Blitz May 23 Late 2023"]
[White "Nihal Sarin"]
[Black "Bortnyk, Olexandr"]
[WhiteFideId "25092340"]
[BlackFideId "14120828"]
[WhiteElo "2689"]
[BlackElo "2734"]
[Result "0-1"]
[Round "06"]
[TimeControl "180+2"]
[Date "2023.05.23"]
[WhiteClock "0:00:00"]
[BlackClock "0:00:04"]

1. d4 d6 2. Nf3 Nf6 3. Bg5 Nbd7 4. Nbd2 e5 5. e3 Be7 6. Bc4 O-O 7. c3 e4 8. Ng1 d5 9. Bb3 c5 10. Ne2 h6 11. Bxf6 Nxf6 12. O-O b6 13. h3 Ba6 14. f3 exf3 15. Rxf3 Ne4 16. Nf4 Bb7 17. Nxe4 dxe4 18. Rg3 Bh4 19. Rg4 Kh7 20. dxc5 bxc5 21. Bd5 Bxd5 22. Qxd5 Bg5 23. Qxc5 Qb6 24. Qxb6 axb6 25. Nd5 f5 26. Rg3 Bh4 27. Kh2 Rab8 28. a4 Rfd8 29. c4 Rd6 30. b3 g6 31. Rd1 Rbd8 32. Ra1 Kg7 33. a5 bxa5 34. Rxa5 R8d7 35. b4 Rb7 36. b5 h5 37. b6 Bd8 38. Rb5 h4 39. Rxg6+ Rxg6 40. c5 Rc6 41. Nb4 Rc8 42. Kg1 Kf7 43. Kf1 Ke6 44. Ke2 Ra8 45. Kd1 Ra3 46. Nc6 Rd3+ 47. Kc2 Bf6 48. Na5 Rb8 49. c6 Rc3+ 50. Kb1 Kd6 51. b7 Rxc6 52. Nxc6 Kxc6 53. Rxf5 Rxb7+ 54. Kc2 Be7 55. Rf4 Kd5 56. Rf5+ Ke6 57. Rh5 Rd7 58. Rh6+ Bf6 59. Rg6 Rd3 60. g3 Rxe3 61. gxh4 Rxh3 62. Kd2 Kf5 63. Rg8 Bxh4 64. Ke2 Bg5 65. Rf8+ Kg4 66. Rf2 Ra3 67. Rf8 Ra2+ 68. Kd1 Bf4 0-1


[Site "https://www.chess.com"]

[Event "Titled Tuesday Blitz May 23 Late 2023"]
[White "Rasulov, Vugar"]
[Black "Caruana, Fabiano"]
[WhiteFideId "13402390"]
[BlackFideId "2020009"]
[WhiteElo "2509"]
[BlackElo "2837"]
[Result "1-0"]
[Round "06"]
[TimeControl "180+2"]
[Date "2023.05.23"]
[WhiteClock "0:00:03"]
[BlackClock "0:00:00"]

1. e4 e5 2. Nf3 Nc6 3. Nc3 Nf6 4. d4 exd4 5. Nxd4 Bb4 6. Nxc6 bxc6 7. Bd3 d6 8. O-O h6 9. h3 O-O 10. Ne2 Re8 11. Ng3 Bc5 12. Qf3 Rb8 13. b3 Bd4 14. Rb1 c5 15. Nf5 Bxf5 16. exf5 d5 17. c4 c6 18. Bf4 Be5 19. Rfe1 Bxf4 20. Qxf4 Qd7 21. Re3 Rxe3 22. Qxe3 Qd6 23. cxd5 cxd5 24. Rd1 Re8 25. Qd2 Re7 26. g3 h5 27. Bf1 Qe5 28. Qc2 Ne4 29. Bg2 Qxf5 30. Rc1 c4 31. bxc4 dxc4 32. h4 Re5 33. Rd1 Nxg3 34. Qxc4 Ne2+ 35. Kf1 Nf4 36. Rc1 Kh7 37. Qc2 Nxg2 38. Qxf5+ Rxf5 39. Kxg2 Ra5 40. Rc2 Kg6 41. Kg3 Kf5 42. f3 f6 43. Rb2 g5 44. Rc2 Ke5 45. Re2+ Kf5 46. Rh2 Kg6 47. Rb2 Ra3 48. hxg5 fxg5 49. Kg2 a6 50. Rc2 h4 51. Rc6+ Kf5 52. Rc5+ Kf6 53. Rc6+ Kf5 54. Rc5+ Kg6 55. Rc6+ Kh5 56. Rc2 a5 57. Rd2 Rc3 58. Rd8 Rc2+ 59. Kh3 Rxa2 60. Rh8+ Kg6 61. Rg8+ Kf6 62. Rf8+ Kg7 63. Ra8 Kg6 64. Rg8+ Kf6 65. Rf8+ Kg7 66. Ra8 a4 67. Ra5 Kg6 68. Ra8 Rf2 69. Rg8+ Kf6 70. Kg4 Rg2+ 71. Kh5 Rg3 72. Ra8 Rxf3 73. Rf8+ Ke5 74. Rxf3 Kd4 75. Ra3 1-0


[Site "https://www.chess.com"]

[Event "Titled Tuesday Blitz May 23 Late 2023"]
[White "Bluebaum, Matthias"]
[Black "Bachmann, Axel"]
[WhiteFideId "24651516"]
[BlackFideId "3700488"]
[WhiteElo "2639"]
[BlackElo "2605"]
[Result "0-1"]
[Round "06"]
[TimeControl "180+2"]
[Date "2023.05.23"]
[WhiteClock "0:00:21"]
[BlackClock "0:00:04"]

1. d4 Nf6 2. c4 g6 3. Nc3 Bg7 4. e4 d6 5. Nf3 O-O 6. Be2 e5 7. Be3 Nbd7 8. O-O Qe7 9. Qc2 c6 10. Rad1 exd4 11. Nxd4 Re8 12. f3 Nc5 13. Qc1 Ne6 14. Nc2 b6 15. Rfe1 Bb7 16. f4 Qc7 17. Bf3 Rad8 18. h3 a6 19. f5 Nc5 20. Bh6 Ncd7 21. Bxg7 Kxg7 22. Ne3 Ne5 23. Be2 b5 24. cxb5 cxb5 25. Qd2 Qc5 26. Rf1 b4 27. Na4 Qa7 28. fxg6 hxg6 29. Qd4 Qxd4 30. Rxd4 a5 31. Nd5 Nxe4 32. Bb5 Rf8 33. Nab6 Nc5 34. Nf6 Ne6 35. Rh4 Rh8 36. Rxh8 Rxh8 37. Ne8+ Rxe8 38. Bxe8 f5 39. Bb5 Kf6 40. Nd7+ Nxd7 41. Bxd7 Nc5 42. Bb5 Be4 43. Rd1 Ke5 44. a3 b3 45. Kf2 d5 46. g3 d4 47. h4 Bc2 48. Re1+ Ne4+ 49. Kf3 d3 50. Rg1 d2 51. Be2 Kd4 52. Bd1 Bxd1+ 53. Rxd1 Kd3 54. Rg1 Kc2 55. Ke2 Nxg3+ 56. Kf3 d1=Q+ 57. Rxd1 Kxd1 58. h5 Nxh5 59. a4 Kc2 60. Ke3 Kxb2 61. Kd4 Ka3 62. Kc5 Kxa4 63. Kd6 Kb4 64. Ke7 f4 65. Kf8 f3 66. Kf7 f2 67. Kg8 f1=Q 68. Kh7 g5 69. Kh6 g4 70. Kh7 g3 71. Kh8 g2 72. Kh7 g1=Q 73. Kh8 b2 74. Kh7 a4 75. Kh8 a3 76. Kh7 a2 77. Kh6 a1=Q 78. Kxh5 b1=Q 79. Kh4 Qad4+ 80. Kh5 Qbf5+ 81. Kh6 Qa6# 0-1


[Site "https://www.chess.com"]

[Event "Titled Tuesday Blitz May 23 Late 2023"]
[White "Carlsen, Magnus"]
[Black "Babazada, Khazar"]
[WhiteFideId "1503014"]
[BlackFideId "13413554"]
[WhiteElo "2852"]
[BlackElo "2351"]
[Result "1-0"]
[Round "06"]
[TimeControl "180+2"]
[Date "2023.05.23"]
[WhiteClock "0:02:59"]
[BlackClock "0:01:55"]

1. e4 e5 2. Nf3 Nc6 3. Bb5 a6 4. Ba4 d6 5. c3 Bd7 6. d4 Nf6 7. O-O Be7 8. Re1 O-O 9. h3 b5 10. Bc2 exd4 11. cxd4 Nb4 12. Bb3 c5 13. a3 Nc6 14. Nc3 c4 15. Bc2 g6 16. d5 Ne5 17. Nxe5 1-0


[Site "https://www.chess.com"]

[Event "Titled Tuesday Blitz May 23 Late 2023"]
[White "Nakamura, Hikaru"]
[Black "Paravyan, David"]
[WhiteFideId "2016192"]
[BlackFideId "4194985"]
[WhiteElo "2885"]
[BlackElo "2563"]
[Result "1-0"]
[Round "06"]
[TimeControl "180+2"]
[Date "2023.05.23"]
[WhiteClock "0:00:14"]
[BlackClock "0:00:00"]

1. e4 e5 2. f4 exf4 3. Nf3 h6 4. d4 g5 5. g3 fxg3 6. hxg3 Bg7 7. Nc3 Nc6 8. Be3 d6 9. Qd3 Bg4 10. Be2 Qd7 11. O-O-O Nge7 12. Kb1 a6 13. Rdf1 O-O-O 14. d5 Ne5 15. Qd4 c5 16. dxc6 N7xc6 17. Qd1 Nxf3 18. Nd5 Kb8 19. Bxf3 Bxf3 20. Rxf3 Ne5 21. Rf5 Rhe8 22. Bd4 Qc6 23. b3 Rc8 24. Rhf1 f6 25. c4 h5 26. Qxh5 Nxc4 27. bxc4 Qxc4 28. Qd1 Rxe4 29. Bb2 Re2 30. R5f2 Qe4+ 31. Ka1 Rxb2 32. Rxb2 f5 33. Nf6 Qe6 34. Qb3 Qxb3 35. Rxb3 Bxf6+ 36. Kb1 Rc5 37. Rh1 Be5 38. Rh7 Rb5 39. Rxb5 axb5 40. Rf7 f4 41. g4 Bd4 42. Rf5 Be3 43. Rxg5 f3 44. Rf5 f2 45. Kc2 d5 46. Kd3 d4 47. Ke2 Kc7 48. g5 Kd6 49. g6 Bh6 50. Rxf2 Ke5 51. Kd3 1-0


[Site "https://www.chess.com"]

[Event "Titled Tuesday Blitz May 23 Late 2023"]
[White "Naroditsky, Daniel"]
[Black "Zakhartsov, Vladimir"]
[WhiteFideId "2026961"]
[BlackFideId "4145097"]
[WhiteElo "2633"]
[BlackElo "2495"]
[Result "0-1"]
[Round "06"]
[TimeControl "180+2"]
[Date "2023.05.23"]
[WhiteClock "0:00:17"]
[BlackClock "0:00:13"]

1. e4 c5 2. c3 d5 3. exd5 Qxd5 4. d4 Nf6 5. Nf3 Bg4 6. Nbd2 e6 7. Qa4+ Nbd7 8. Bc4 Qd6 9. Ne5 cxd4 10. cxd4 Qxd4 11. Nxg4 Nxg4 12. O-O Qd6 13. Nf3 Qb4 14. Qc2 Rc8 15. b3 b5 16. a3 Qc5 17. h3 Ngf6 18. Be3 Qc7 19. Nd4 bxc4 20. Nb5 Qb7 21. Nxa7 Ra8 22. Qxc4 Bd6 23. Nb5 Bb8 24. Bc5 Qc6 25. Bb4 Qxc4 26. bxc4 Ne5 27. Rac1 Nc6 28. Bc5 Nd7 29. Bb4 f6 30. Rfd1 Nb6 31. Bc5 Na4 32. Bd6 Kf7 33. Rd2 Rd8 34. Rcd1 Bxd6 35. Rxd6 Rxd6 36. Rxd6 Ne5 37. Rd4 Nc5 38. f4 Ned7 39. Nd6+ Ke7 40. Nb5 Ra4 41. Kf2 Nb6 42. Nd6 Rxa3 43. g4 Ra2+ 44. Kf1 Ra3 45. Kg2 Rd3 46. Rxd3 Nxd3 47. Ne4 Nxc4 48. Kf3 Nb4 49. Nc3 Nd5 50. Nb5 Nd6 51. Nd4 Nxf4 52. Nc6+ Kd7 53. Nb8+ Kc7 54. Na6+ Kb6 55. Nb8 Nxh3 56. Nd7+ Kc7 57. Nf8 Ng5+ 58. Kg3 Kd8 59. Kh4 Ke7 60. Ng6+ hxg6 61. Kg3 e5 62. Kh4 Ngf7 63. Kg3 f5 64. Kh4 fxg4 65. Kxg4 e4 66. Kf4 Ke6 67. Ke3 Kd5 68. Kf4 Kd4 69. Kg3 Nd8 70. Kf4 N6b7 71. Kg3 Kd3 72. Kf2 Nc6 73. Ke1 Na7 74. Kf1 e3 75. Ke1 e2 76. Kf2 Kd2 0-1


[Site "https://www.chess.com"]

[Event "Titled Tuesday Blitz May 23 Late 2023"]
[White "Zwirs, Nico"]
[Black "Sarana, Alexey"]
[WhiteFideId "1036432"]
[BlackFideId "24133795"]
[WhiteElo "2381"]
[BlackElo "2714"]
[Result "0-1"]
[Round "06"]
[TimeControl "180+2"]
[Date "2023.05.23"]
[WhiteClock "0:00:12"]
[BlackClock "0:00:48"]

1. e4 c5 2. Nf3 d6 3. d4 cxd4 4. Nxd4 Nf6 5. Nc3 a6 6. Be3 e5 7. Nb3 Be6 8. Qd2 Nbd7 9. O-O-O b5 10. f3 Be7 11. g4 b4 12. Nd5 Bxd5 13. exd5 Nb6 14. Na5 Nbxd5 15. Nc6 Qc7 16. Nxb4 Nxb4 17. Qxb4 O-O 18. Qb6 Qc8 19. g5 Nd7 20. Qa5 Qb7 21. Rg1 Rfc8 22. Bd3 Qxf3 23. Rg3 Qc6 24. Qb4 Rab8 25. Qe4 Qxe4 26. Bxe4 Nb6 27. Bxb6 Rxb6 28. h3 g6 29. h4 Rc4 30. Re1 h6 31. b3 Rc5 32. c4 hxg5 33. hxg5 Kg7 34. Bd5 Rb8 35. Rf1 Rf8 36. Kc2 a5 37. a3 Rc7 38. Rh1 Rb8 39. Rgh3 Bxg5 40. Rh7+ Kf6 41. Rh8 Rxh8 42. Rxh8 Be3 43. b4 axb4 44. axb4 g5 45. Kd3 Bd4 46. Rh6+ Kf5 47. Rxd6 g4 48. Rd8 Kf4 49. b5 f5 50. Rf8 Bc5 51. Be6 e4+ 52. Kc3 Bxf8 0-1


[Site "https://www.chess.com"]

[Event "Titled Tuesday Blitz May 23 Late 2023"]
[White "Remizov, Yaroslav"]
[Black "Grischuk, Alexander"]
[WhiteFideId "34134015"]
[BlackFideId "4126025"]
[WhiteElo "2400"]
[BlackElo "2721"]
[Result "1/2-1/2"]
[Round "06"]
[TimeControl "180+2"]
[Date "2023.05.23"]
[WhiteClock "0:00:03"]
[BlackClock "0:00:05"]

1. e4 g6 2. d4 Bg7 3. Nf3 d6 4. Be3 Nf6 5. Nc3 a6 6. Bd3 O-O 7. h3 Nc6 8. Qd2 e5 9. d5 Ne7 10. Bh6 c6 11. Bxg7 Kxg7 12. dxc6 bxc6 13. O-O-O Bb7 14. h4 h5 15. Be2 c5 16. Qxd6 Qxd6 17. Rxd6 Nxe4 18. Rd7 Nxc3 19. bxc3 Bxf3 20. Bxf3 Rae8 21. Ra7 Nf5 22. Rxa6 e4 23. Be2 e3 24. fxe3 Ng3 25. Rh3 Nxe2+ 26. Kd2 Ng1 27. Rh1 Rd8+ 28. Ke1 Rfe8 29. Kf2 Rd2+ 30. Kxg1 Rxe3 31. Rh3 Rxh3 32. gxh3 Rxc2 33. a4 Rxc3 34. Kg2 Ra3 35. Ra7 Kf6 36. a5 c4 37. Rc7 Rxa5 38. Rxc4 Kf5 39. Kg3 Rd5 40. Rf4+ Ke6 41. Re4+ Kd6 42. Rf4 f5 43. Ra4 Ke5 44. Kf3 Rd3+ 45. Kg2 Rd4 46. Ra6 Rd6 47. Ra4 f4 48. Ra5+ Ke4 49. Ra2 Rd3 50. Kh2 Kf3 51. Rg2 Re3 52. Rxg6 Kf2 53. Rg2+ Kf1 54. Rg5 f3 55. Rxh5 f2 56. Rf5 Re7 57. Kg3 Rh7 58. Kg4 Kg2 59. h5 f1=Q 60. Rxf1 Kxf1 61. Kg5 Kg2 62. Kg6 Rxh5 63. Kxh5 Kxh3 1/2-1/2


[Site "https://www.chess.com"]